 Dungeon Crawl Stone Soup version 0.19.0-18-g426998a (webtiles) character file.

93 MaximumFunGaming the Skirmisher (level 4, -5/60 HPs)
             Began as a Hill Orc Berserker on Nov 12, 2016.
             Was a Believer of Trog.
             Killed from afar by Sigmund (7 damage)
             ... with a puff of flame
             ... on level 3 of the Dungeon.
             The game lasted 00:11:35 (2013 turns).

MaximumFunGaming the Skirmisher (HOBe)              Turns: 2013, Time: 00:11:36

Health: -5/60      AC:  1    Str: 25    XL:     4   Next: 61%
Magic:  4/4        EV: 12    Int:  7    God:    Trog [**....]
Gold:   50         SH:  0    Dex: 10    Spells: 0 memorised, 3 levels left

rFire  . . .     SeeInvis .     k - +0 mace
rCold  . . .     Gourm    .     (no armour)
rNeg   . . .     Faith    .     (no shield)
rPois  .         Spirit   .     (no helmet)
rElec  .         Reflect  .     (no cloak)
rCorr  .         Harm     .     l - +0 pair of gloves
MR     .....                    (no boots)
Stlth  ..........               (no amulet)
                                (no ring)
                                (no ring)

@: berserking (expiring), very quick
A: no striking features
a: Berserk, Trog's Hand, Burn Spellbooks, Renounce Religion


You were on level 3 of the Dungeon.
You worshipped Trog.
Trog was pleased with you.
You were full.

You visited 1 branch of the dungeon, and saw 3 of its levels.

You collected 50 gold pieces.

Inventory:

Hand Weapons
 a - a +0 falchion
 i - a -2 short sword
 k - a +0 mace (weapon)
Missiles
 h - 2 throwing nets (quivered)
 m - 21 stones
Armour
 b - a +0 animal skin
 l - a +0 pair of gloves (worn)
 p - a +0 ring mail
Scrolls
 d - a scroll of teleportation {unknown}
 g - a scroll of fog {unknown}
 o - a scroll of identify {unknown}
Potions
 e - a potion of curing {unknown}
 j - a potion of heal wounds {unknown}
 n - a potion of resistance {unknown}
Comestibles
 c - 2 chunks of flesh
 f - 2 royal jellies
 q - a bread ration


   Skills:
 + Level 4.2 Fighting
 + Level 1.0(2.4) Short Blades
 + Level 4.0(4.1) Long Blades
 + Level 1.5 Maces & Flails
 + Level 2.1 Armour
 + Level 2.3 Dodging
 + Level 0.3 Stealth


You had 3 spell levels left.
You didn't know any spells.

Dungeon Overview and Level Annotations

Branches:
Dungeon (3/15)

Altars:
Okawaru
Yredelemnul

Annotations:
D:3 Natasha, Sigmund


Message History

Autopickup is now on.
A red film seems to cover your vision as you go berserk!
You feel yourself moving faster!
You feel mighty! Something hits you!
Deactivating autopickup; reactivate with Ctrl-A.
You sock something!
You hear some strange, mumbled words.
A magic dart appears from out of thin air!
The magic dart hits you!
* * * LOW HITPOINT WARNING * * *
You are too berserk!
You completely miss something. Something hits you!
* * * LOW HITPOINT WARNING * * *
You are too berserk!
You are too berserk!
You feel a strong urge to attack something.
Natasha, Servant of Life and Death comes into view.
Natasha hisses angrily.
A puff of flame appears from out of thin air!
The puff of flame hits you!
You die...

....<..........#####
....#########......#
#......# #......#
#......######......#
...........##..... .
...###.....##{..######..
...........##...........
...........##...........
...........##...@......h
...............#........
...............##.......
#......<.......# ###....
.......##......# ...
..#+##......# ..
............# .
.#..........#
##..........#


You could see Natasha.

Vanquished Creatures
  A centaur skeleton (D:3)
  2 adders
  An ooze (D:3)
  A worm (D:2)
  A dart slug (D:1)
  An orc (D:3)
  A giant cockroach (D:3)
  9 hobgoblins
  2 jackals (D:1)
  4 kobolds
  A ball python (D:1)
  5 bats
  4 frilled lizards
  2 goblins
  A rat (D:3)
36 creatures vanquished.

Notes
Turn   | Place    | Note
-------+----------+-------------------------------------------
     0 | D:1      | MaximumFunGaming the Hill Orc Berserker began the quest for the Orb.
     0 | D:1      | Reached XP level 1. HP: 19/19 MP: 1/1
   197 | D:1      | Reached XP level 2. HP: 13/27 MP: 2/2
   917 | D:2      | Reached XP level 3. HP: 30/33 MP: 3/3
   928 | D:2      | Reached skill level 1 in Short Blades
  1224 | D:2      | Found an iron altar of Okawaru.
  1367 | D:3      | Reached skill level 1 in Maces & Flails
  1392 | D:3      | Reached XP level 4. HP: 4/40 MP: 4/4
  1692 | D:3      | Found a basalt altar of Yredelemnul.
  1953 | D:3      | Reached ** piety under Trog
  2002 | D:3      | Noticed Sigmund
  2011 | D:3      | HP: 1/60 [something (13)]
  2013 | D:3      | Noticed Natasha
  2013 | D:3      | Killed from afar by Sigmund

Skill      XL: |  1  2  3 |
---------------+----------+-----
Short Blades   | 1 |  1.0
Long Blades    | 4 |  4.0
Fighting       | 4 |  4.2
Maces & Flails | 1 |  1.5
Dodging        | 2 |  2.3
Armour         | |  2.1
Stealth        | |  0.3

Action                   |  1- 3 |  4- 6 || total
-------------------------+-------+-------++-------
Melee: Falchion          |    14 |       ||    14
       Short sword       |    38 |       ||    38
       Mace              |    71 |    23 ||    94
Invok: Berserk           |     4 |     2 ||     6
  Use: Scroll            |     1 |       ||     1
 Stab: Sleeping          |     1 |     1 ||     2
  Eat: Bread ration      |     1 |     1 ||     2
       Meat ration       |     1 |       ||     1
       Chunk             |     1 |       ||     1
Armor: Animal skin       |    41 |       ||    41
       Skin              |     2 |     2 ||     4
Dodge: Dodged            |   144 |    19 ||   163
       Rpst.: Falchion   |     8 |       ||     8
